 Dungeon Crawl Stone Soup version 0.25-a0-1133-g93ebf739aa (webtiles) character file.

Game seed: 9434034829963374122, levelgen mode: deterministic

825616 Lugonue the Axe Maniac (level 27, -7/217 (218) HPs)
             Began as a Hill Orc Fighter on May 20, 2020.
             Was the Champion of Makhleb.
             Killed from afar by Cerebov (23 damage)
             ... with a great blast of fire
             ... in Pandemonium on May 21, 2020.
             The game lasted 03:18:04 (69736 turns).

Lugonue the Axe Maniac (Hill Orc Fighter)          Turns: 69736, Time: 03:18:27

HP:   -7/217 (218)  AC: 39    Str: 31      XL:     27
MP:   7/35          EV: 12    Int:  7 (9)  God:    Makhleb [******]
Gold: 5551          SH:  5    Dex:  7      Spells: 35/60 levels left

rFire    + . .     SeeInvis +   b - +9 executioner's axe (flame)
rCold    + . .     Gourm    .   (shield currently unavailable)
rNeg     + + .     Faith    .   B - +12 gold dragon scales
rPois    +         Spirit   .   t - +0 hat of Narcissism {rN+ Slay+2}
rElec    .         Reflect  +   A - scarf {repulsion}
rCorr    .         Harm     .   H - +0 pair of gloves of the Many Hells {Str+5 SInv}
MR       +++..     Clarity  +   K - +2 pair of boots
Stlth    ..........             F - amulet of reflection
HPRegen  0.00/turn              m - ring "Muissyann" {rN+ MR+ EV+4}
MPRegen  0.24/turn              y - +4 ring of slaying

@: liquid flames, marked, very slightly contaminated, fainting, hasted, glowing,
studying Poison Magic, repel missiles, very quick
A: antennae 1, fangs 1, blurry vision 3, clarity, clumsy 2, deformed body,
deterioration 2, frail 2, low mp 2, inhibited regeneration, weak 2, evolution 1,
subdued magic 1
}: 6/15 runes: decaying, serpentine, slimy, silver, abyssal, glowing
a: Minor Destruction, Lesser Servant of Makhleb, Major Destruction, Greater
Servant of Makhleb, Renounce Religion


You were in Pandemonium.
You worshipped Makhleb.
Makhleb was exalted by your worship.
You were fainting.

You visited 13 branches of the dungeon, and saw 55 of its levels.
You visited Pandemonium 1 time, and saw 6 of its levels.
You visited the Abyss 3 times.
You also visited: Trove, Bailey, Ice Cave and Wizlab.

You collected 11159 gold pieces.
You spent 5608 gold pieces at shops.

Inventory:

Hand Weapons
 a - a +9 executioner's axe of venom
 b - a +9 executioner's axe of flaming (weapon)
Missiles
 c - 35 boomerangs (quivered)
 w - 15 silver javelins
 R - 21 curare-tipped darts
 U - 28 silver boomerangs
Armour
 t - the +0 hat of Narcissism (worn) {rN+ Slay+2}
   (You found it on level 1 of the Snake Pit)

   It affects your accuracy and damage with ranged weapons and melee attacks
   (+2).
   It protects you from negative energy.
 A - a scarf of repulsion (worn)
 B - +12 gold dragon scales (worn)
 H - the +0 pair of gloves of the Many Hells (worn) {Str+5 SInv}
   (You found it in a treasure trove)

   It affects your strength (+5).
   It lets you see invisible.
 K - a +2 pair of boots (worn)
Jewellery
 d - a +6 ring of intelligence
 m - the ring "Muissyann" (left hand) {rN+ MR+ EV+4}
   (You bought it in a shop on level 6 of the Dungeon)

   [ring of evasion]

   It affects your evasion (+4).
   It protects you from negative energy.
   It affects your resistance to hostile enchantments.
 s - the ring of Musibram {rCorr Dex+4}
   (You found it in a wizard's laboratory)

   [ring of resist corrosion]

   It affects your dexterity (+4).
   It provides partial protection from all sources of acid and corrosion.
 x - the amulet of the Oligarchy {Spirit rPois}
   (You found it in a treasure trove)

   [amulet of guardian spirit]

   It causes incoming damage to be split between your health and magic.
   It protects you from poison.
 y - a +4 ring of slaying (right hand)
 z - a +6 ring of intelligence
 F - an amulet of reflection (around neck)
 T - the ring "Seymis" {*Slow rElec rPois Str+6}
   (You found it in a treasure trove)

   [ring of strength]

   It affects your strength (+6).
   It insulates you from electricity.
   It protects you from poison.
   It may slow you when you take damage.
 V - a +6 ring of dexterity
Wands
 g - a wand of paralysis (40)
 n - a wand of random effects (17)
 p - a wand of polymorph (40)
 r - a wand of clouds (18)
 D - a wand of digging (14)
 O - a wand of flame (33)
 S - a wand of acid (32)
 X - a wand of iceblast (13)
Scrolls
 e - 15 scrolls of identify
 j - 40 scrolls of remove curse
 k - 3 scrolls of enchant weapon
 l - 2 scrolls of enchant armour
 o - 11 scrolls of fear
 C - 10 scrolls of magic mapping
 E - 9 scrolls of fog
 G - 10 scrolls of amnesia
 M - 27 scrolls of teleportation
 Q - 2 scrolls of silence
 Y - 3 scrolls of summoning
Potions
 h - 20 potions of curing
 q - a potion of brilliance
 u - 2 potions of flight
 v - a potion of invisibility
 J - a potion of magic
 N - 2 potions of haste
 W - a potion of cancellation
Books
 Z - a manual of Poison Magic
Miscellaneous
 I - a phial of floods
 L - 2 phantom mirrors
Comestibles
 f - 56 rations


   Skills:
 O Level 27 Fighting
 O Level 27 Axes
 - Level 8.2 Throwing
 O Level 27 Armour
   Level 3.2 Shields
 + Level 17.1 Spellcasting
 + Level 20.5 Necromancy
 + Level 15.4 Transmutations
 - Level 1.5 Invocations
 - Level 6.4 Evocations


You had 35 spell levels left.
You knew the following spells:

 Your Spells              Type           Power        Failure   Level  Hunger
a - Freeze                Ice            #...         34%         1    None
b - Spectral Weapon       Hex/Chrm       #.......     73%         3    ##.....
c - Necromutation         Tmut/Necr      ###.......   83%         8    #######
d - Borgnjor's Vile Clut  Necr/Erth      ###.......   14%         5    #####..
e - Infestation           Necr           ####......   45%         8    #######

Your spell library contained the following spells:

 Spells                   Type           Power        Failure   Level  Hunger
 Animate Skeleton         Necr           N/A          0%          1    None
 Pain                     Necr           ####         0%          1    None
 Sublimation of Blood     Necr           ####......   0%          2    None
 Vampiric Draining        Necr           ####......   0%          3    ##.....
 Beastly Appendage        Tmut           ###...       1%          1    None
 Corpse Rot               Necr/Air       N/A          1%          2    None
 Passwall                 Tmut/Erth      ##......     1%          2    None
 Sticks to Snakes         Tmut           ###.....     1%          2    None
 Animate Dead             Necr           N/A          1%          4    ####...
 Dispel Undead            Necr           ####....     1%          4    ####...
 Agony                    Necr           ####....     1%          5    #####..
 Blade Hands              Tmut           ###.......   1%          5    #####..
 Spider Form              Tmut/Pois      ##........   3%          3    ##.....
 Ice Form                 Ice/Tmut       ##......     14%         4    ####...
 Petrify                  Tmut/Erth      ##......     14%         4    ####...
 Excruciating Wounds      Chrm/Necr      ###.......   14%         5    #####..
 Apportation              Tloc           #.....       34%         1    None
 Corona                   Hex            #......      34%         1    None
 Foxfire                  Conj/Fire      #...         34%         1    None
 Magic Dart               Conj           #...         34%         1    None
 Sandblast                Erth           #.....       34%         1    None
 Shock                    Conj/Air       #...         34%         1    None
 Summon Butterflies       Summ           #.......     34%         1    None
 Summon Small Mammal      Summ           #...         34%         1    None
 Yara's Violent Unravell  Hex/Tmut       ##........   38%         5    #####..
 Borgnjor's Revivificati  Necr           ####......   45%         8    #######
 Blink                    Tloc           N/A          47%         2    None
 Call Imp                 Summ           #.......     47%         2    None
 Poisonous Vapours        Pois/Air       #.....       47%         2    None
 Searing Ray              Conj           #.....       47%         2    None
 Shroud of Golubria       Chrm/Tloc      #.....       47%         2    None
 Slow                     Hex            #.......     47%         2    None
 Swiftness                Chrm/Air       #.......     47%         2    None
 Dragon Form              Tmut           ###.......   47%         7    #######
 Simulacrum               Ice/Necr       ###.......   63%         6    #######
 Call Canine Familiar     Summ           #.......     73%         3    ##.....
 Confusing Touch          Hex            #.......     73%         3    ##.....
 Conjure Flame            Conj/Fire      #.......     73%         3    ##.....
 Dazzling Flash           Conj/Hex       #.....       73%         3    ##.....
 Frozen Ramparts          Ice            #.....       73%         3    ##.....
 Gell's Gravitas          Tloc           #.........   73%         3    ##.....
 Inner Flame              Hex/Fire       #.......     73%         3    ##.....
 Lesser Beckoning         Tloc           #.........   73%         3    ##.....
 Ozocubu's Armour         Chrm/Ice       #.......     73%         3    ##.....
 Portal Projectile        Hex/Tloc       #.....       73%         3    ##.....
 Recall                   Summ/Tloc      N/A          73%         3    ##.....
 Static Discharge         Conj/Air       #.......     73%         3    ##.....
 Stone Arrow              Conj/Erth      #.....       73%         3    ##.....
 Summon Guardian Golem    Hex/Summ       #.......     73%         3    ##.....
 Teleport Other           Tloc           #.......     73%         3    ##.....
 Tukima's Dance           Hex            #.......     73%         3    ##.....
 Statue Form              Tmut/Erth      ##.......    93%         6    #######
 Cause Fear               Hex            #.........   98%         4    ####...
 Fulminant Prism          Conj/Hex       #.........   98%         4    ####...
 Hailstorm                Conj/Ice       #.......     98%         4    ####...
 Iskenderun's Mystic Bla  Conj/Tloc      #.......     98%         4    ####...
 Leda's Liquefaction      Hex/Erth       #.........   98%         4    ####...
 Passage of Golubria      Tloc           N/A          98%         4    ####...
 Sticky Flame             Conj/Fire      #.......     98%         4    ####...
 Summon Ice Beast         Ice/Summ       #.......     98%         4    ####...
 Summon Lightning Spire   Summ/Air       #.......     98%         4    ####...
 Haunt                    Necr/Summ      ###.......   99%         7    #######
 Aura of Abjuration       Summ           #.........   100%        5    #####..
 Bolt of Magma            Conj/Fire/Erth #.........   100%        5    #####..
 Fireball                 Conj/Fire      #.........   100%        5    #####..
 Iskenderun's Battlesphe  Conj/Chrm      #.......     100%        5    #####..
 Lee's Rapid Deconstruct  Erth           #.........   100%        5    #####..
 Lightning Bolt           Conj/Air       #.........   100%        5    #####..
 Metabolic Englaciation   Hex/Ice        #.........   100%        5    #####..
 Silence                  Hex/Air        #.........   100%        5    #####..
 Summon Demon             Summ           #.........   100%        5    #####..
 Summon Forest            Summ/Tloc      #.........   100%        5    #####..
 Summon Mana Viper        Hex/Summ       #.......     100%        5    #####..
 Conjure Ball Lightning   Conj/Air       #.........   100%        6    #######
 Darkness                 Hex            #.........   100%        6    #######
 Dispersal                Tloc           #.........   100%        6    #######
 Freezing Cloud           Conj/Ice/Air   #.........   100%        6    #######
 Invisibility             Hex            #.......     100%        6    #######
 Iron Shot                Conj/Erth      #.........   100%        6    #######
 Ozocubu's Refrigeration  Ice            #.........   100%        6    #######
 Shadow Creatures         Summ           N/A          100%        6    #######
 Orb of Destruction       Conj           #.........   100%        7    #######
 Spellforged Servitor     Conj/Summ      #.........   100%        7    #######
 Summon Hydra             Summ           #.........   100%        7    #######
 Chain Lightning          Conj/Air       #.........   100%        8    #######
 Death's Door             Chrm/Necr      ###.......   100%        8    #######
 Discord                  Hex            #.........   100%        8    #######
 Disjunction              Tloc           #.........   100%        8    #######
 Ignition                 Fire           #.........   100%        8    #######
 Lehudib's Crystal Spear  Conj/Erth      #.........   100%        8    #######
 Absolute Zero            Ice            #.........   100%        9    #######
 Dragon's Call            Summ           #.........   100%        9    #######
 Fire Storm               Conj/Fire      #.........   100%        9    #######
 Shatter                  Erth           #.........   100%        9    #######
 Tornado                  Air            #.........   100%        9    #######


Dungeon Overview and Level Annotations

Branches:
Dungeon (15/15)            Temple (1/1) D:6            Lair (6/6) D:8
  Swamp (4/4) Lair:2        Snake (4/4) Lair:2        Slime (5/5) Lair:5
    Orc (2/2) D:10            Elf (3/3) Orc:2        Vaults (5/5) D:14
  Crypt (3/3) Vaults:3       Tomb (1/3) Crypt:3      Depths (5/5) D:15
   Hell (visited)             Dis (0/7) Hell            Geh (0/7) Hell
    Coc (0/7) Hell            Tar (0/7) Hell            Zot (0/5) Depths:5
 Bailey (visited)           IceCv (visited)          WizLab (visited)

Altars:
Ashenzari
Cheibriados
Dithmenos
Fedhas
Gozag
Kikubaaqudgha
Makhleb
Nemelex Xobeh
Okawaru
Qazlal
Ru
Sif Muna
Trog
Uskayaw
Vehumet
Wu Jian
Xom
Yredelemnul
Beogh
Jiyva

Shops:
D:6 =   Orc:2 :[*??   Elf:2 *}=}   Elf:3 (?   Vaults:5 %?%*?!   Depths:1 ([=
Depths:3 :%(?   Depths:5 }

Portals:
Hell: Depths:1 Depths:2 Depths:3 Depths:4 Depths:5
Abyss: Depths:3 Depths:4
Pandemonium: Orc:2 Depths:3
Ziggurat: Depths:3

Annotations:
D:4 exclusion: statue
D:12 2 runed translucent doors
Lair:3 1 runed translucent door, Wuvaz's ghost, journeyman MiFi
Snake:1 1 transporter, Elawearph's ghost, journeyman DrSu
Elf:3 2 transporters, Mehas's ghost, journeyman BaSu
Pan Cerebov


Innate Abilities, Weirdness & Mutations

You have a pair of small antennae on your head.
You have very sharp teeth.
Scrolls take you much longer to read.
You possess an exceptional clarity of mind.
You are very clumsy. (Dex -4)
Armour fits poorly on your strangely shaped body.
Your body often deteriorates upon taking damage.
You are very frail. (-20% HP)
Your magical capacity is very low. (-20% MP)
You do not regenerate when monsters are visible.
You are very weak. (Str -4)
You evolve.
Your spells are a little easier to cast, but a little less powerful.


Message History

The bolt of fire hits the red devil.
The red devil completely resists.
The bolt of fire hits the balrug.
The balrug completely resists.
The bolt of fire hits you! You resist.
* * * LOW HITPOINT WARNING * * *
Okay, then.
Unknown command.
Press: ? - help, v - describe, . - travel
Here: Cerebov, wielding the +6 sword of Cerebov {flame} (flame, fast)
The floor.
Unknown command.
Okay, then.
Unknown command.
You feel yourself speed up.
You are covered in liquid flames!
* * * LOW HITPOINT WARNING * * *
Your death scarab bites the balrug!!
Cerebov gestures at you.
A raging storm of fire appears!
The great blast of fire engulfs you!! You partially resist.
You die...

# #..........# #...#
###=(........# #...#
......####...###...#
......# #.........#
..)...#
#......)..#####
###...#
#......)....... #
#...#
#...###./..4°.. #
#...# #...#
#..)R°... # #.∩.#
#...# #@s2##### #
...# #...# #22.# #
...# #... #42.# #
...# #. #R2.# # ..
#&1.# ###.. #.3.#
..... #...# .....
#..2. .....


You could see Cerebov (fast), a Brimstone Fiend, 6 balrugs, a sun demon, an
orange demon, 2 efreet, a red devil (infested) and a friendly death scarab.

Vanquished Creatures
  the Royal Jelly (Slime:5)
  Mnoleg (Pan)
  Mara (Depths:2)
  A juggernaut (Depths:1)
  Mennas (Pan)
  2 ancient liches
  A greater mummy (Crypt:1)
  Bai Suzhen (Vaults:3)
  Sojobo (Crypt:2)
  Frederick (Vaults:3)
  Margery (Depths:5)
  Saint Roka (Crypt:2)
  2 curse toes (Crypt:3)
  5 caustic shrikes (Depths:5)
  The ghost of Adghecuf the Demonologist, a veteran BaSu of Cheibriados (Depths:4)
  2 golden dragons
  Geryon (Hell)
  the Enchantress (Depths:1)
  A pandemonium lord (Pan)
  2 profane servitors
  Jory (Vaults:3)
  6 bone dragons
  A Brimstone Fiend (Pan)
  3 hellephants
  2 Tzitzimimeh (Pan)
  A Hell Sentinel (Depths:4)
  7 tentacled monstrosities
  Rupert (Lair:5)
  A deep elf master archer (Elf:3)
  A moon troll (WizLab)
  4 quicksilver dragons
  A deep elf blademaster (Elf:3)
  4 titans
  10 liches
  10 acid blobs
  11 ancient champions
  34 tentacled starspawn
  5 Executioners
  2 eldritch tentacles
  Agnes (D:15)
  14 sphinxes
  Donald (Snake:2)
  7 revenants
  2 shadow dragons (Vaults:5)
  6 nagarajas
  10 tengu reavers
  8 storm dragons
  2 azure jellies
  A draconian knight (Abyss:5)
  13 deep elf sorcerers
  7 fire giants
  3 balrugs
  10 frost giants
  A ghost moth (Abyss:5)
  A draconian scorcher (Depths:5)
  2 iron dragons
  12 cacodemons
  A draconian stormcaller (Depths:5)
  2 warmongers (Pan)
  6 deep elf elementalists
  14 vault wardens
  2 curse skulls (Crypt:2)
  Aizul (Snake:1)
  7 ghouls
  A black sun (Pan)
  20 stone giants
  7 reapers
  17 ironheart preservers
  3 blood saints (Pan)
  6 war gargoyles
  6 spriggan defenders
  38 very ugly things
  An entropy weaver (Vaults:4)
  12 vampire knights
  6 bennus (Tomb:1)
  3 corrupters (Pan)
  12 deep elf demonologists
  2 red draconians (Depths:5)
  2 green draconians (Depths:5)
  3 lorocyprocas
  2 black draconians (Depths:5)
  11 deep elf annihilators
  2 dire elephants
  2 pale draconians (Depths:5)
  4 spark wasps (Depths:2)
  24 ettins
  5 crystal guardians
  8 deep elf death magi
  3 death oozes (Slime:5)
  3 blizzard demons
  2 eidola (Crypt:2)
  A merfolk javelineer (Abyss:5)
  23 great orbs of eyes
  11 mummy priests
  9 fire dragons
  A green death (Abyss:5)
  12 yaktaur captains
  7 jiangshi
  12 ogre magi
  7 deep elf high priests
  25 hydras
  A quicksilver dragon skeleton (Tomb:1)
  A quicksilver dragon zombie (Crypt:3)
  34 vault guards
  17 rakshasas
  17 naga warriors
  10 ice dragons
  A hell beast (Pan)
  5 spriggan air magi
  3 monstrous demonspawn (Pan)
  18 centaur warriors
  5 death knights
  A ghost crab (Swamp:3)
  14 anacondas
  A two-headed ogre (shapeshifter) (Vaults:2)
  2 shambling mangroves (Swamp:3)
  39 two-headed ogres
  26 dancing weapons
  14 deep troll earth magi
  A queen ant (shapeshifter) (Vaults:5)
  13 death scarabs (Tomb:1)
  A satyr (Abyss:5)
  7 alligators
  18 deep troll shamans
  7 vampire magi
  12 death yaks
  19 hell hogs
  2 titan zombies (Hell)
  6 tengu warriors
  Urug (Lair:5)
  9 spriggan berserkers
  3 shock serpents
  Sonja (D:10)
  61 thrashing horrors
  28 deep elf knights
  6 orc high priests (Orc:2)
  A storm dragon zombie (Crypt:3)
  17 sun demons
  9 naga sharpshooters
  19 hell knights
  A fire crab (shapeshifter) (D:14)
  10 shadow wraiths
  3 titan skeletons
  17 sixfirhies
  23 wretched stars
  5 soul eaters
  A storm dragon skeleton (Hell)
  16 glowing orange brains
  2 salamander mystics
  3 orange crystal statues
  18 skeletal warriors
  An anaconda zombie (Hell)
  An unseen horror (shapeshifter) (D:12)
  9 spatial maelstroms
  11 iron trolls
  2 swamp dragons (shapeshifter)
  36 small abominations
  4 torturous demonspawn
  5 gelid demonspawn
  43 deep trolls
  7 wizards
  A kraken simulacrum (Hell)
  3 spriggan druids
  16 swamp dragons
  3 unseen horrors
  2 shadow demons
  3 infernal demonspawn (Pan)
  9 flayed ghosts
  2 death drakes
  82 large abominations
  3 spark wasp zombies
  10 naga ritualists
  19 deep elf archers
  18 ironbrand convokers
  A wolf spider zombie (Hell)
  A golden dragon skeleton (Tomb:1)
  10 phantasmal warriors
  A shadow dragon zombie (Hell)
  6 harpies
  25 necromancers
  15 orc knights
  An anaconda skeleton (Hell)
  An orb spider (Abyss:1)
  An iron dragon zombie (Hell)
  A sphinx zombie (Crypt:3)
  4 stone giant zombies
  A faun (shapeshifter) (D:14)
  A mana viper (shapeshifter) (Abyss:2)
  7 mana vipers
  9 orc sorcerers
  6 wolf spiders
  70 deep elf magi
  2 fire giant zombies
  52 ugly things
  8 cyclopes
  3 manticores
  A moth of wrath (shapeshifter) (Vaults:5)
  3 shadow dragon skeletons
  7 shining eyes
  48 slime creatures
  4 worldbinders
  15 salamanders
  2 frost giant zombies (Crypt:1)
  A salamander (shapeshifter) (Vaults:2)
  3 frost giant skeletons
  6 apocalypse crabs
  A dire elephant zombie (Crypt:1)
  16 vault sentinels
  2 fire giant skeletons
  3 ice statues
  2 stone giant skeletons
  17 guardian serpents
  2 rust devils
  16 orange demons
  35 black mambas
  2 iron dragon skeletons
  17 spiny frogs
  A storm dragon simulacrum (Vaults:3)
  37 smoke demons
  5 eyes of devastation
  18 naga magi
  An elephant (Lair:3)
  A dire elephant skeleton (Hell)
  4 rime drakes
  3 gargoyles
  8 efreet
  A minotaur zombie (Crypt:1)
  54 yaktaurs
  6 centaur skeletons
  5 komodo dragons
  A yaktaur (shapeshifter) (Vaults:2)
  A komodo dragon (shapeshifter) (Depths:2)
  3 demonic crawlers
  2 hellions
  4 hellwings
  21 freezing wraiths
  2 ice devils
  5 tormentors
  3 kobold demonologists
  A death drake zombie (Crypt:3)
  19 guardian mummies
  5 red devils
  2 yaktaur skeletons
  A death yak skeleton (Crypt:3)
  A silent spectre (Abyss:5)
  A queen bee (shapeshifter) (Vaults:1)
  2 polar bears (D:15)
  19 ancient zymes
  5 tengu conjurers
  A merfolk (Abyss:3)
  A shadow dragon simulacrum (Abyss:5)
  A jumping spider (shapeshifter) (Vaults:5)
  22 hornets
  A wolf spider simulacrum (D:15)
  A wind drake (shapeshifter) (Depths:2)
  A queen bee (Lair:2)
  8 trolls
  9 tyrant leeches
  A moth of wrath zombie (Crypt:1)
  An alligator zombie (Crypt:1)
  21 blink frogs
  A harpy skeleton (Abyss:2)
  A fire giant simulacrum (Vaults:5)
  A hippogriff (shapeshifter) (Depths:3)
  33 raiju
  2 dream sheep (D:11)
  A tarantella zombie (Crypt:3)
  A snapping turtle (Abyss:3)
  7 bog bodies
  3 hydra skeletons
  3 stone giant simulacra
  3 fire dragon zombies
  12 hippogriffs
  A dream sheep (shapeshifter) (Depths:4)
  2 ettin zombies
  4 flying skulls (Crypt:3)
  A deep troll skeleton (Depths:1)
  An ice dragon skeleton (Hell)
  A redback (shapeshifter) (Vaults:5)
  3 frost giant simulacra
  27 spriggans
  9 shadows
  20 ynoxinuls
  128 starcursed masses
  3 centaur simulacra
  15 wraiths
  8 redbacks
  48 yaks
  7 water elementals
  5 air elementals
  A dire elephant simulacrum (Hell)
  3 ettin skeletons
  10 fire elementals
  10 ushabtiu
  A fire bat (shapeshifter) (Vaults:5)
  6 wyverns (Lair:6)
  8 basilisks
  5 fire bats
  2 golden eyes (shapeshifter)
  2 tarantellas (shapeshifter)
  A black mamba skeleton (Abyss:2)
  Grum (D:11)
  A wind drake skeleton (Crypt:1)
  15 golden eyes
  21 chaos spawn
  5 steam dragons
  9 vampire mosquitoes
  33 neqoxecs
  3 hungry ghosts
  10 spatial vortices
  16 swamp worms
  6 wargs
  A naga (shapeshifter) (Elf:1)
  61 nagas
  An acid dragon (shapeshifter) (Abyss:5)
  21 insubstantial wisps
  A two-headed ogre zombie (Crypt:2)
  2 acid dragons
  3 spiny frog zombies (Hell)
  A merfolk skeleton (Crypt:3)
  23 water moccasins
  5 porcupines
  A porcupine (shapeshifter) (Elf:1)
  3 hell hounds (Hell)
  14 swamp drakes
  3 floating eyes
  2 sky beasts
  A faun skeleton (Crypt:1)
  2 spiny frog skeletons (Hell)
  An ice dragon simulacrum (Hell)
  3 human zombies
  16 ice beasts
  A black bear (D:9)
  58 orc warriors
  4 necrophages
  An ettin simulacrum (Vaults:5)
  An eye of draining (D:12)
  A snapping turtle zombie (Hell)
  4 phantoms
  2 manticore skeletons
  23 boggarts
  An eye of draining (shapeshifter) (Depths:4)
  32 ogres
  An ogre (shapeshifter) (Abyss:3)
  33 wolves
  16 centaurs
  An elf skeleton (Vaults:3)
  11 crocodiles
  8 big kobolds
  A spectral wyvern (D:14)
  12 bullfrogs
  7 earth elementals
  An elf zombie (Crypt:3)
  A big kobold (shapeshifter) (D:14)
  2 human skeletons (Vaults:1)
  A deep troll simulacrum (Vaults:3)
  2 hippogriff skeletons
  A spiny frog simulacrum (Hell)
  A wyvern zombie (D:14)
  4 scorpions
  A warg zombie (Crypt:2)
  4 wyvern skeletons
  46 killer bees
  3 human simulacra
  2 tengu zombies (Hell)
  A troll zombie (Crypt:1)
  13 wights
  4 electric eels
  2 howler monkeys
  A vampire bat (Orc:1)
  9 crimson imps
  A wolf skeleton (Crypt:3)
  A basilisk zombie (Crypt:1)
  A bullfrog zombie (D:13)
  4 quasits
  8 jellies
  3 bullfrog skeletons
  An elf simulacrum (Crypt:3)
  9 hounds
  4 centaur zombies
  35 orc priests
  An iron imp (Depths:5)
  8 iguanas
  22 orc wizards
  2 hell rats (Lair:3)
  12 worker ants
  A crocodile zombie (Crypt:2)
  A crocodile skeleton (Crypt:2)
  2 ogre zombies
  3 tengu skeletons
  A hound zombie (D:11)
  A hound skeleton (D:7)
  16 mummies
  A worker ant zombie (D:10)
  8 gnolls
  10 adders
  5 shadow imps
  7 white imps
  An ufetubus (Abyss:3)
  A lava snake zombie (Crypt:1)
  2 oozes (D:6)
  5 worms
  2 barachi skeletons
  3 dart slugs
  7 leopard geckos
  130 orcs
  A ball python (D:2)
  4 giant cockroaches
  2 gnoll zombies (D:5)
  6 goblins
  8 hobgoblins
  30 kobolds
  5 quokkas
  A ball python skeleton (D:3)
  11 bats
  3 frilled lizards
  A jackal zombie (D:6)
  A leopard gecko skeleton (D:5)
  2 quokka skeletons
  A quokka zombie (Crypt:1)
  5 rats
  A river rat skeleton (Crypt:3)
  19 crawling corpses
  4 fungi
  3 lurking horrors
  5 plants
  46 starspawn tentacles
  A tentacle (Hell)
3639 creatures vanquished.

Vanquished Creatures (collateral kills)
  A greater mummy (Tomb:1)
  2 balrugs (Pan)
  A cacodemon (Pan)
  A mummy priest (Tomb:1)
  A sixfirhy (Pan)
  A soul eater (Pan)
  4 orange demons (Pan)
  2 red devils (Pan)
  2 large abominations (Pan)
  2 chaos spawn (Pan)
  3 neqoxecs (Pan)
  2 killer bees (Lair:2)
  A crimson imp (Pan)
  2 orcs (Bailey)
25 creatures vanquished.

Vanquished Creatures (others)
  A titan (Vaults:5)
  An ancient champion (Crypt:3)
  A sphinx (Vaults:5)
  A large abomination (Vaults:2)
  A naga warrior (Snake:3)
  An ice dragon (Depths:1)
  A dancing weapon (Elf:2)
  A hell hog (Abyss:5)
  A torturous demonspawn (Pan)
  An unseen horror (Abyss:5)
  A mana viper (Snake:3)
  2 guardian serpents
  A naga mage (Snake:3)
  A sea snake skeleton (Crypt:2)
  A jumping spider (shapeshifter) (D:14)
  A golden eye (Abyss:4)
  A chaos spawn (Abyss:5)
  3 nagas (Snake:3)
  A hydra simulacrum (Abyss:3)
  An orc warrior (Vaults:3)
  A swamp drake (Swamp:3)
  5 killer bees (Lair:2)
  A boggart (Vaults:3)
  3 demonic plants (WizLab)
  23 fungi
  3 lurking horrors
  17 plants
  49 starspawn tentacles
  3 tentacles (Hell)
128 creatures vanquished.

Grand Total: 3792 creatures vanquished

Notes
Turn   | Place    | Note
-------+----------+-------------------------------------------
     0 | D:1      | Lugonue the Hill Orc Fighter began the quest for the Orb.
     0 | D:1      | Reached XP level 1. HP: 19/19 MP: 1/1
   163 | D:1      | Reached XP level 2. HP: 23/27 MP: 2/2
   889 | D:2      | Reached XP level 3. HP: 31/33 MP: 3/3
   924 | D:2      | Found a blossoming altar of Fedhas.
  1497 | D:2      | Found a burning altar of Makhleb.
  1501 | D:2      | Found an ornate altar of the Wu Jian Council.
  1510 | D:2      | Found a sparkling altar of Nemelex Xobeh.
  1521 | D:2      | Became a worshipper of Makhleb the Destroyer
  1793 | D:3      | Found a shattered altar of Ashenzari.
  1876 | D:3      | Reached XP level 4. HP: 40/41 MP: 4/4
  2702 | D:4      | Reached skill level 5 in Axes
  2702 | D:4      | Reached XP level 5. HP: 47/47 MP: 5/5
  2724 | D:4      | Reached * piety under Makhleb
  2789 | D:4      | Noticed a water moccasin
  2825 | D:4      | Killed a water moccasin
  2825 | D:4      | Reached XP level 6. HP: 19/55 MP: 6/6
  3532 | D:4      | Reached skill level 5 in Fighting
  3682 | D:4      | Reached skill level 5 in Armour
  3697 | D:4      | Reached skill level 1 in Throwing
  3886 | D:4      | Noticed a phantom
  3902 | D:4      | Killed a phantom
  3902 | D:4      | Reached XP level 7. HP: 46/61 MP: 7/7
  4072 | D:4      | Found a radiant altar of Vehumet.
  4419 | D:5      | Entered Level 5 of the Dungeon
  4782 | D:5      | Reached XP level 8. HP: 68/69 MP: 8/8
  4812 | D:5      | Got a bloodstained leather armour
  4814 | D:5      | Identified the +3 leather armour of the Illusory Realms
                  | {rElec} (You found it on level 5 of the Dungeon)
  4817 | D:5      | Found a stormy altar of Qazlal.
  4858 | D:5      | Noticed a +0 hand axe
  4859 | D:5      | Found a hide-covered altar of Uskayaw.
  4859 | D:5      | Noticed a +0 dagger
  5159 | D:5      | Found a basalt altar of Yredelemnul.
  5265 | D:6      | Found a staircase to the Ecumenical Temple.
  5296 | D:6      | Found a shimmering blue altar of Sif Muna.
  5684 | D:6      | Reached ** piety under Makhleb
  5782 | D:6      | Found Yfaugg's Jewellery Shoppe.
  5831 | D:6      | Found a snail-covered altar of Cheibriados.
  6221 | D:6      | Found a sparkling altar of Nemelex Xobeh.
  6407 | Temple   | Entered the Ecumenical Temple
  6462 | D:7      | Reached XP level 9. HP: 69/77 MP: 9/9
  6524 | D:7      | Found a shadowy altar of Dithmenos.
  6577 | D:7      | You fall into a shaft and drop 1 floor!
  6603 | D:8      | Reached skill level 10 in Axes
  6982 | D:8      | Found a shimmering blue altar of Sif Muna.
  6982 | D:8      | Noticed a fire dragon
  6982 | D:8      | Noticed a centaur warrior
  7366 | D:7      | Reached *** piety under Makhleb
  7589 | D:8      | Found a staircase to the Lair.
  7594 | D:8      | Found an opulent altar of Gozag.
  7601 | D:8      | Noticed a green ugly thing
  7651 | Lair:1   | Entered Level 1 of the Lair of Beasts
  8103 | Lair:1   | Noticed a black mamba
  8110 | Lair:1   | Killed a black mamba
  8110 | Lair:1   | Reached XP level 10. HP: 61/86 MP: 10/10
  8562 | Lair:1   | Reached skill level 10 in Armour
  9367 | Lair:2   | Found a staircase to the Snake Pit.
  9401 | Lair:2   | Found a staircase to the Swamp.
  9701 | Lair:2   | Reached XP level 11. HP: 58/95 MP: 11/11
 10384 | Lair:2   | Reached **** piety under Makhleb
 11933 | Lair:3   | Found a runed translucent door.
 11933 | Lair:3   | Noticed Wuvaz's ghost (journeyman MiFi)
 12147 | Lair:3   | Reached ***** piety under Makhleb
 12369 | Lair:3   | Reached skill level 15 in Axes
 12369 | Lair:3   | Reached XP level 12. HP: 106/106 MP: 12/12
 12669 | Lair:3   | Reached skill level 5 in Throwing
 13039 | Lair:4   | Noticed a four-headed hydra
 13439 | Lair:4   | Reached skill level 10 in Fighting
 13900 | D:8      | Killed a fire dragon
 14070 | D:8      | Found a bloodstained altar of Trog.
 14149 | D:9      | Found a bloodstained altar of Trog.
 14512 | D:9      | Found a sacrificial altar of Ru.
 14769 | D:10     | Entered Level 10 of the Dungeon
 14986 | D:10     | Found a staircase to the Orcish Mines.
 15034 | D:10     | Noticed Sonja
 15045 | D:10     | Killed Sonja
 15725 | Orc:1    | Entered Level 1 of the Orcish Mines
 15725 | Orc:1    | Found a burning altar of Makhleb.
 15789 | Orc:1    | Reached XP level 13. HP: 115/115 MP: 13/13
 15792 | Orc:1    | Reached ****** piety under Makhleb
 16482 | Orc:1    | Paralysed by an orc sorcerer for 5 turns
 16792 | Orc:1    | Noticed an ettin
 16802 | Orc:1    | Killed an ettin
 16864 | Orc:2    | Entered Level 2 of the Orcish Mines
 16864 | Orc:2    | Found a roughly hewn altar of Beogh.
 17120 | Orc:2    | Gained mutation: You expend magic power (3 MP) to
                  | strengthen your wands. [a neqoxec]
 17264 | Orc:2    | Found Qyifup's General Store.
 17303 | Orc:2    | Found Zaprong's Magic Scroll Shoppe.
 17697 | D:11     | Found a flagged portal.
 17699 | D:11     | Noticed Grum
 17717 | D:11     | Killed Grum
 17751 | Bailey   | Entered a bailey
 18152 | Bailey   | Got an ichor-stained helmet
 18163 | Bailey   | Identified the +3 helmet of Roakher {*Slow rF+++ rCorr
                  | Int-3} (You found it in a bailey)
 18458 | D:11     | Reached skill level 15 in Armour
 18874 | D:11     | Reached XP level 14. HP: 100/126 MP: 14/14
 19453 | D:12     | Found a large runed translucent door.
 19454 | D:12     | Found a large runed translucent door.
 19454 | D:12     | Found a large runed translucent door.
 19474 | D:12     | Found a large runed translucent door.
 19564 | D:12     | Found a radiant altar of Vehumet.
 19809 | D:12     | Reached XP level 15. HP: 134/134 MP: 14/19
 20211 | D:12     | Identified the Collected Works on Ignition and Flight
 20687 | D:6      | Bought the ring "Muissyann" {rN+ MR+ EV+4} for 633 gold
                  | pieces
 20687 | D:6      | Bought an uncursed amulet of reflection for 360 gold pieces
 20825 | Lair:5   | Found a staircase to the Slime Pits.
 21038 | Lair:5   | Noticed Rupert
 21057 | Lair:5   | Killed Rupert
 21261 | Lair:5   | Noticed Urug
 21275 | Lair:5   | Killed Urug
 21724 | Lair:6   | Entered Level 6 of the Lair of Beasts
 22253 | Lair:6   | Reached XP level 16. HP: 144/144 MP: 20/20
 22860 | Lair:6   | Paralysed by a hornet for 3 turns
 23252 | Snake:1  | Entered Level 1 of the Snake Pit
 23574 | Snake:1  | Found a transporter.
 23588 | Snake:1  | Noticed Elawearph's ghost (journeyman DrSu)
 23595 | Snake:1  | Found a transporter.
 23605 | Snake:1  | Got a transparent hat
 23962 | Snake:1  | Noticed Aizul
 23981 | Snake:1  | Killed Aizul
 24287 | Snake:1  | Noticed a nagaraja
 24334 | Snake:1  | Killed a nagaraja
 24442 | Snake:1  | Found an iron altar of Okawaru.
 24823 | Snake:3  | Noticed Donald
 24830 | Snake:3  | Noticed a nagaraja
 24852 | Snake:2  | Killed Donald
 25718 | Snake:2  | Noticed a nagaraja
 25729 | Snake:2  | Killed a nagaraja
 25729 | Snake:2  | Reached XP level 17. HP: 154/154 MP: 21/21
 25759 | Snake:2  | Identified the cursed +0 hat of Narcissism {rN+ Slay+2}
                  | (You found it on level 1 of the Snake Pit)
 27139 | Snake:3  | Reached skill level 15 in Fighting
 27241 | Snake:4  | Entered Level 4 of the Snake Pit
 27497 | Snake:4  | Reached XP level 18. HP: 148/166 MP: 22/22
 27514 | Snake:4  | Got a serpentine rune of Zot
 27602 | Swamp:1  | Entered Level 1 of the Swamp
 29105 | Swamp:4  | Entered Level 4 of the Swamp
 30110 | Swamp:4  | Got a decaying rune of Zot
 30426 | Slime:1  | Entered Level 1 of the Pits of Slime
 30460 | Slime:1  | Reached XP level 19. HP: 173/174 MP: 23/23
 31068 | D:13     | You fall into a shaft and drop 2 floors!
 31068 | D:15     | Entered Level 15 of the Dungeon
 31099 | D:15     | Found a frozen archway.
 31112 | IceCv    | Entered an ice cave
 31692 | D:15     | Noticed Agnes
 31697 | D:15     | Killed Agnes
 32177 | D:15     | Found a staircase to the Depths.
 32773 | D:14     | Found a gate to the Vaults.
 33982 | D:13     | Identified a scroll of acquirement
 34855 | Orc:2    | Bought 7 atropa-tipped darts for 54 gold pieces
 34857 | Orc:2    | Bought 3 scrolls of teleportation for 153 gold pieces
 34857 | Orc:2    | Bought a scroll of teleportation for 51 gold pieces
 34857 | Orc:2    | Bought a scroll of blinking for 127 gold pieces
 34946 | Orc:2    | Found Todanuub's Antique Armour Shop.
 34946 | Orc:2    | Found a one-way gate leading to the halls of Pandemonium.
 34946 | Orc:2    | Found Alitee's Book Boutique.
 35094 | Orc:2    | Found a staircase to the Elven Halls.
 35117 | Orc:2    | Found Othuxuid's Magic Scroll Shop.
 35124 | Orc:2    | Bought a scroll of teleportation for 39 gold pieces
 35124 | Orc:2    | Bought 2 scrolls of teleportation for 78 gold pieces
 35124 | Orc:2    | Bought a scroll of identify for 26 gold pieces
 35365 | Elf:1    | Entered Level 1 of the Elven Halls
 35654 | Elf:1    | Reached XP level 20. HP: 187/187 MP: 24/24
 35899 | Elf:1    | Got the +2 pair of gloves of the Beginning {+Fly rN+}
 36710 | Elf:2    | Found Haimohe's Gadget Emporium.
 36712 | Elf:2    | Found Viqoz's Jewellery Shop.
 36713 | Elf:2    | Found Xuiggaix's Gadget Emporium.
 36748 | Elf:2    | Found Nesutoz's Assorted Antiques.
 36753 | Elf:2    | Bought a ring of slaying for 76 gold pieces
 37000 | Elf:2    | Found a huge runed translucent gate.
 37000 | Elf:2    | Found a huge runed translucent gate.
 37000 | Elf:2    | Found a huge runed translucent gate.
 37000 | Elf:2    | Found a huge runed translucent gate.
 37004 | Elf:2    | Found a huge runed translucent gate.
 37894 | Elf:3    | Entered Level 3 of the Elven Halls
 37923 | Elf:3    | Identified the cursed +3 rapier "Faoxanod" {distort, +Rage
                  | rF- rC+++ Stlth-}
 37926 | Elf:3    | Noticed Mehas's ghost (journeyman BaSu)
 38050 | Elf:3    | Found Zulim's Magic Scroll Boutique.
 38050 | Elf:3    | Found Moisiy's Weapon Shop.
 38058 | Elf:3    | Bought a scroll of brand weapon for 360 gold pieces
 38058 | Elf:3    | Bought a scroll of acquirement for 936 gold pieces
 38091 | Elf:3    | Bought 2 atropa-tipped darts for 18 gold pieces
 38267 | Elf:3    | Noticed a Brimstone Fiend
 38276 | Elf:3    | Cast into level 3 of the Abyss (a deep elf demonologist)
 38282 | Abyss:3  | Noticed a hellephant
 38291 | Abyss:3  | Killed a hellephant
 38302 | Elf:3    | Escaped the Abyss
 38311 | Elf:3    | Reached skill level 27 in Axes
 38374 | Elf:3    | Reached XP level 21. HP: 111/199 MP: 25/25
 39061 | Elf:3    | Found a transporter.
 39067 | Elf:3    | Found a transporter.
 39264 | Elf:3    | Identified the +10 trident of Bugulon {holy, +Rage rF+
                  | Int-5}
 39272 | Elf:3    | Identified the +2 great sword of Otuarew {vorpal, rPois}
 39273 | Elf:3    | Identified the amulet of Qowkesh {Spirit rF- Str+4 Int+3
                  | SInv}
 39274 | Elf:3    | Identified the ring of Arowued {rF+ Dex+2 Stlth-}
 39281 | Elf:3    | Identified the +5 falchion "Ewoerphid" {speed, Str+4}
 39288 | Elf:3    | Identified the ring "Voavuss" {+Blink rPois Str-3 Int+3
                  | Dex+4}
 39529 | Elf:3    | Got a slimy cloak
 39530 | Elf:3    | Identified the +0 cloak of the Desert {rElec rN+} (You
                  | found it on level 3 of the Elven Halls)
 39582 | Elf:3    | Found the +15 Maxwell's patent armour {-Cast -Tele rElec
                  | MR+ rCorr}
 39717 | Elf:2    | Bought an uncursed ring of resist corrosion for 360 gold
                  | pieces
 40046 | Slime:5  | Entered Level 5 of the Pits of Slime
 40197 | Slime:5  | Found a viscous altar of Jiyva.
 40197 | Slime:5  | Noticed the Royal Jelly
 40212 | Slime:5  | Killed the Royal Jelly
 40262 | Slime:5  | Gained mutation: You are dopey. (Int -2) [a shining eye]
 40289 | Slime:5  | Got a slimy rune of Zot
 40291 | Slime:5  | Identified Buuplih's Handbook of Displaced Beguiling
 40334 | Slime:5  | Identified the Compendium of Enthralling Orientation
 40359 | Slime:5  | Identified the Reference Book on the Traveller and Curses
 40681 | Vaults:1 | Entered Level 1 of the Vaults
 41262 | Vaults:1 | Reached XP level 22. HP: 213/213 MP: 26/26
 41593 | Vaults:1 | Found a portal to a secret trove of treasure.
 44127 | Vaults:3 | Noticed Frederick
 44149 | Vaults:3 | Killed Frederick
 44152 | Vaults:3 | Reached XP level 23. HP: 228/228 MP: 27/27
 44245 | Vaults:3 | Found a staircase to the Crypt.
 44456 | Vaults:3 | Noticed Jory
 44465 | Vaults:3 | Killed Jory
 44470 | Vaults:3 | Paralysed by a sphinx for 2 turns
 44879 | Vaults:3 | Noticed Bai Suzhen
 44901 | Vaults:3 | Killed Bai Suzhen
 45588 | Vaults:4 | Found the +3 sling "Punk" {acid, rCorr}
 46837 | Vaults:5 | Entered Level 5 of the Vaults
 46852 | Vaults:5 | Reached XP level 24. HP: 243/243 MP: 27/27
 46909 | Vaults:5 | Identified the +2 falchion "Paxyataff" {vorpal, +Blink rC-
                  | Str+2}
 46948 | Vaults:5 | Reached skill level 27 in Fighting
 46996 | Vaults:5 | Found Xeplouta's Distillery.
 46996 | Vaults:5 | Found Umitsiace's Magic Scroll Shoppe.
 47007 | Vaults:5 | Bought a scroll of blinking for 150 gold pieces
 47007 | Vaults:5 | Bought a scroll of enchant weapon for 150 gold pieces
 47007 | Vaults:5 | Bought a scroll of teleportation for 60 gold pieces
 47007 | Vaults:5 | Bought a scroll of enchant weapon for 150 gold pieces
 47007 | Vaults:5 | Bought a scroll of teleportation for 60 gold pieces
 47007 | Vaults:5 | Bought a scroll of enchant weapon for 150 gold pieces
 47014 | Vaults:5 | Found Okhles's Magic Scroll Boutique.
 47014 | Vaults:5 | Found Soleegh's Food Shoppe.
 47026 | Vaults:5 | Bought a scroll of enchant weapon for 180 gold pieces
 47026 | Vaults:5 | Bought a scroll of enchant armour for 180 gold pieces
 47027 | Vaults:5 | Found Nieneudd's Food Emporium.
 47130 | Vaults:5 | Identified Vehumet's Tome of Conjuration
 47216 | Vaults:5 | Got a silver rune of Zot
 47235 | Vaults:5 | Reached XP level 25. HP: 257/257 MP: 27/27
 47630 | Vaults:5 | Found Vonupri's Assorted Antiques.
 47660 | Vaults:5 | Bought a scroll of teleportation for 102 gold pieces
 47660 | Vaults:5 | Bought a potion of curing for 102 gold pieces
 47733 | Crypt:1  | Entered Level 1 of the Crypt
 48282 | Crypt:1  | Noticed a greater mummy
 48312 | Crypt:1  | Killed a greater mummy
 48713 | Crypt:2  | Noticed Sojobo
 48733 | Crypt:2  | Killed Sojobo
 48811 | Crypt:2  | Reached skill level 27 in Armour
 48919 | Crypt:2  | Reached skill level 1 in Invocations
 48926 | Crypt:2  | Learned a level 1 spell: Freeze
 48930 | Crypt:2  | Learned a level 3 spell: Spectral Weapon
 48939 | Crypt:2  | Learned a level 8 spell: Necromutation
 49116 | Crypt:2  | Reached skill level 1 in Necromancy
 49213 | Crypt:2  | Found a shimmering altar of Xom.
 49224 | Crypt:2  | Reached skill level 1 in Spellcasting
 49224 | Crypt:2  | Reached skill level 1 in Transmutations
 49309 | Crypt:2  | Noticed Saint Roka
 49322 | Crypt:2  | Killed Saint Roka
 49877 | Crypt:3  | Entered Level 3 of the Crypt
 51340 | Crypt:3  | Reached XP level 26. HP: 265/265 MP: 28/28
 51342 | Crypt:3  | Reached skill level 5 in Necromancy
 51345 | Crypt:3  | Found an ancient bone altar of Kikubaaqudgha.
 51346 | Crypt:3  | Found a basalt altar of Yredelemnul.
 51809 | Crypt:3  | Found a staircase to the Tomb.
 52187 | Tomb:1   | Entered Level 1 of the Tomb of the Ancients
 52319 | Tomb:1   | Reached skill level 5 in Spellcasting
 52320 | Tomb:1   | Reached skill level 5 in Transmutations
 52575 | Tomb:1   | Noticed a greater mummy
 52594 | Tomb:1   | Killed a greater mummy
 54679 | Depths:1 | Entered Level 1 of the Depths
 54684 | Depths:1 | Noticed the Enchantress
 54720 | Depths:1 | Killed the Enchantress
 54725 | Depths:1 | Noticed a juggernaut
 54739 | Depths:1 | Killed a juggernaut
 54775 | Depths:1 | Found Udotodotha's Jewellery Emporium.
 54777 | Depths:1 | Found Duhip's Antique Armour Shoppe.
 54780 | Depths:1 | Found Utzufat's Weapon Emporium.
 54807 | Depths:1 | Reached XP level 27. HP: 270/270 MP: 28/34
 54826 | Depths:1 | Found a magical portal.
 54914 | WizLab   | Reached skill level 10 in Necromancy
 55063 | WizLab   | Found a transporter.
 55149 | WizLab   | Got a faintly glowing copper ring
 55150 | WizLab   | Identified the ring "Eraesemo" {rF+ Str+3 Dex+7 Stlth-}
                  | (You found it in a wizard's laboratory)
 55286 | WizLab   | Found a transporter.
 55727 | WizLab   | Paralysed by accursed screaming for 1 turns
 55758 | WizLab   | Got a crude bone ring
 55790 | WizLab   | Identified Lehudib's Volume of the Rocks and Translocation
 55812 | WizLab   | Lost mutation: You expend magic power (3 MP) to strengthen
                  | your wands. [potion of mutation]
 55812 | WizLab   | Lost mutation: You are dopey. (Int -2) [potion of mutation]
 55812 | WizLab   | Gained mutation: You have a pair of small antennae on your
                  | head. [potion of mutation]
 55812 | WizLab   | Gained mutation: You have very sharp teeth. [potion of
                  | mutation]
 55812 | WizLab   | Gained mutation: You possess an exceptional clarity of
                  | mind. [potion of mutation]
 56200 | Depths:1 | Paralysed by a floating eye for 2 turns
 56214 | Depths:1 | Found a gateway to Hell.
 56545 | Vaults:1 | You paid a toll of 5 scrolls of blinking to enter a
                  | treasure trove
 56546 | Trove    | Entered a treasure trove
 56556 | Trove    | Got a glittering marble ring
 56573 | Trove    | Identified the ring of Musibram {rCorr Dex+4} (You found it
                  | in a wizard's laboratory)
 56574 | Trove    | Identified the ring "Seymis" {*Slow rElec rPois Str+6} (You
                  | found it in a treasure trove)
 56593 | Trove    | Got a pair of distressingly furry gloves
 56594 | Trove    | Identified the +0 pair of gloves of the Many Hells {Str+5
                  | SInv} (You found it in a treasure trove)
 56599 | Trove    | Got a heavily runed ruby amulet
 56602 | Trove    | Identified the amulet of the Oligarchy {Spirit rPois} (You
                  | found it in a treasure trove)
 57434 | Depths:2 | Found a runed translucent door.
 57846 | Depths:3 | Found a gateway to a ziggurat.
 57846 | Depths:3 | Paralysed by a floating eye for 2 turns
 57852 | Depths:3 | Paralysed by a floating eye for 2 turns
 57862 | Depths:3 | Paralysed by a floating eye for 2 turns
 57908 | Depths:3 | Paralysed by a floating eye for 3 turns
 57957 | Depths:3 | Paralysed by a floating eye for 4 turns
 57963 | Depths:3 | Paralysed by a floating eye for 4 turns
 58035 | Depths:3 | Reached skill level 10 in Spellcasting
 58048 | Depths:3 | Found Tebom's Magic Scroll Boutique.
 58048 | Depths:3 | Found Osoint's Antique Weapon Emporium.
 58052 | Depths:3 | Found Qigase Vuso's Food Shoppe.
 58052 | Depths:3 | Found Inakauly's Book Boutique.
 58063 | Depths:3 | Reached skill level 10 in Transmutations
 58516 | Depths:3 | Found a one-way gate to the infinite horrors of the Abyss.
 58601 | Depths:3 | You fall into a shaft and drop 1 floor!
 58807 | Depths:2 | Noticed Mara
 58814 | Depths:2 | Noticed Lugonue's illusion
 58814 | Depths:2 | Killed Mara
 59607 | Elf:2    | Bought a +6 ring of intelligence for 1053 gold pieces
 60876 | Depths:4 | Found a runed translucent gate.
 60876 | Depths:4 | Found a runed translucent gate.
 60876 | Depths:4 | Found a runed translucent gate.
 60876 | Depths:4 | Noticed Adghecuf's ghost (veteran BaSu)
 61082 | Depths:4 | Identified the cursed +2 war axe of the Tent {vorpal, rC+}
 61118 | Depths:4 | Killed Adghecuf's ghost
 61289 | Depths:5 | Entered Level 5 of the Depths
 61415 | Depths:5 | Noticed Margery
 61421 | Depths:5 | Reached skill level 15 in Necromancy
 61448 | Depths:5 | Killed Margery
 61695 | Depths:5 | Found an ornate altar of the Wu Jian Council.
 62103 | Depths:5 | Found Kully Sinau's Gadget Emporium.
 62259 | Depths:5 | Found a gate to the Realm of Zot.
 62457 | Depths:4 | Voluntarily entered the Abyss.
 62910 | Abyss:2  | Found an iron altar of Okawaru.
 63630 | Abyss:4  | Found a corrupted altar of Lugonu.
 63769 | Abyss:4  | Gained mutation: Your spells are a little easier to cast,
                  | but a little less powerful. [a neqoxec]
 63784 | Abyss:4  | Paralysed by accursed screaming for 2 turns
 63793 | Abyss:4  | Paralysed by accursed screaming for 2 turns
 63805 | Abyss:4  | Paralysed by accursed screaming for 2 turns
 63821 | Abyss:4  | Paralysed by accursed screaming for 1 turns
 63852 | Abyss:4  | Lost intelligence.
 63862 | Abyss:4  | Paralysed by accursed screaming for 1 turns
 63866 | Abyss:4  | Paralysed by accursed screaming for 2 turns
 63880 | Abyss:4  | Paralysed by accursed screaming for 1 turns
 63881 | Abyss:4  | HP: 8/273 [starcursed mass[an orange crystal statue] (6)]
 63930 | Depths:4 | Escaped the Abyss
 64441 | Hell     | Entered the Vestibule of Hell
 64447 | Hell     | Noticed Geryon
 64452 | Hell     | Cast into level 2 of the Abyss (hell knight)
 64452 | Abyss:2  | Found a corrupted altar of Lugonu.
 65141 | Abyss:3  | Noticed an ancient lich
 65147 | Abyss:3  | Killed an ancient lich
 65216 | Abyss:5  | Entered Level 5 of the Abyss
 65240 | Abyss:5  | Gained mutation: Scrolls take you a little longer to read.
                  | [a neqoxec]
 65410 | Abyss:5  | Gained mutation: Your magical capacity is low. (-10% MP) [a
                  | neqoxec]
 65414 | Abyss:5  | Gained mutation: Your body often deteriorates upon taking
                  | damage. [a neqoxec]
 65570 | Abyss:5  | Paralysed by accursed screaming for 1 turns
 65659 | Abyss:5  | Gained mutation: You are clumsy. (Dex -2) [a neqoxec]
 65779 | Abyss:5  | Paralysed by accursed screaming for 1 turns
 65783 | Abyss:5  | Paralysed by accursed screaming for 2 turns
 65796 | Abyss:5  | Paralysed by accursed screaming for 1 turns
 65907 | Abyss:5  | Gained mutation: You are weak. (Str -2) [a neqoxec]
 66020 | Abyss:5  | Found a blossoming altar of Fedhas.
 66063 | Abyss:5  | Noticed an ancient lich
 66071 | Abyss:5  | Killed an ancient lich
 66485 | Abyss:5  | Reached skill level 15 in Spellcasting
 66661 | Abyss:5  | Found a corrupted altar of Lugonu.
 66811 | Abyss:5  | Reached skill level 15 in Transmutations
 66854 | Abyss:5  | Found a corrupted altar of Lugonu.
 66933 | Abyss:5  | Found a corrupted altar of Lugonu.
 66982 | Abyss:5  | Got an abyssal rune of Zot
 67018 | Hell     | Escaped the Abyss
 67053 | Hell     | Killed Geryon
 67180 | Hell     | Found a gateway to the decaying netherworld of Tartarus.
 67256 | Hell     | Found a gateway to the ashen valley of Gehenna.
 67320 | Hell     | Found a gateway to the Iron City of Dis.
 67408 | Hell     | Found a gateway to the freezing wastes of Cocytus.
 67437 | Hell     | Learned a level 5 spell: Borgnjor's Vile Clutch
 67446 | Hell     | Learned a level 8 spell: Infestation
 67715 | Pan      | Entered Pandemonium
 67752 | Pan      | Noticed Orooc the pandemonium lord
 67773 | Pan      | Killed Orooc the pandemonium lord
 67809 | Pan      | Noticed Mennas
 67822 | Pan      | Killed Mennas
 68150 | Pan      | Gained mutation: You are frail. (-10% HP) [a cacodemon]
 68606 | Pan      | Gained mutation: Your body often deteriorates upon taking
                  | damage. [mutagenic glow]
 68651 | Pan      | Gained mutation: You are very frail. (-20% HP) [mutagenic
                  | glow]
 68833 | Pan      | Entered the realm of Mnoleg.
 69036 | Pan      | Gained mutation: Armour fits poorly on your strangely
                  | shaped body. [a shining eye]
 69142 | Pan      | Gained mutation: You are very weak. (Str -4) [a neqoxec]
 69283 | Pan      | Gained mutation: You evolve. [a cacodemon]
 69284 | Pan      | Gained mutation: Scrolls take you longer to read. [a
                  | cacodemon]
 69289 | Pan      | Gained mutation: Scrolls take you much longer to read. [a
                  | cacodemon]
 69290 | Pan      | Gained mutation: You are very clumsy. (Dex -4) [a
                  | cacodemon]
 69342 | Pan      | Noticed Mnoleg
 69353 | Pan      | Killed Mnoleg
 69377 | Pan      | Gained mutation: You do not regenerate when monsters are
                  | visible. [a neqoxec]
 69398 | Pan      | Got a glowing rune of Zot
 69573 | Pan      | Gained mutation: Your magical capacity is very low. (-20%
                  | MP) [a cacodemon]
 69600 | Pan      | Entered the realm of Cerebov.
 69732 | Pan      | Identified the +6 sword of Cerebov {flame}
 69732 | Pan      | Noticed Cerebov
 69736 | Pan      | Killed from afar by Cerebov

Illustrated notes

Levels and vault maps discovered:
D:1:      dpeg_arrival_rooms_a, layout_loops_ring, minmay_misc_feat_nine_boxes
D:2:      layout_loops_cross, minmay_overflow_temple_star_quad, fedhas_altar_2
D:3:      minmay_recursive_quarters, layout_basic,
          ashenzari_conservatory_becter, minmay_misc_feat_tiny,
          guppyfry_early_orc_mine
D:4:      layout_basic, vehumet_statue, first_ration, cheibrodos_gnoll_hut
D:5:      layout_cave_pools, dancing_weapons_uskayaw,
          lemuel_zombie_altar_yredelemnul, basic_altar
D:6:      layout_loops_ring, marbit_many_paths, kennysheep_slug_shrine,
          minmay_temple_entry_tees, serial_shops, kennysheep_mini_moat,
          nemelex_dance_club_becter
D:7:      layout_basic, lemuel_crystal_altar
D:8:      layout_rooms, lemuel_doored_altar, lair_entry_dummy,
          jmf_multi_god_temple
D:9:      layout_loops_ring, nicolae_overflow_crystal_walls, basic_altar
D:10:     layout_loops_ring, david_orc_2, hangedman_abyss_or_decor_stabs,
          uniq_sonja
D:11:     layout_loops_cross, enter_bailey_6, hangedman_ranch
          [blue_anna_fruit_fields], uniq_grum
D:12:     layout_long_grid, basic_altar, minmay_hollow_rounded_squares
D:13:     layout_long_grid
D:14:     kb_forest_paths, layout_basic, david_vaults_2, minivault_14,
          hangedman_weighted_door
D:15:     hangedman_depths_entry_try_elsewhere_first, layout_basic,
          hangedman_glass_teeth, serial_ice, serial_ice_m, serial_ice_c,
          serial_ice_k, serial_ice_b, serial_ice_e, serial_ice_g,
          portal_ice_cave_entry_pillars_1, uniq_agnes
Temple:   corrupted_temple
Lair:1:   layout_cave_pods
Lair:2:   layout_roguey [special_room_bee], swamp_mist,
          guppyfry_snake_entry_island
Lair:3:   regret_index_bee_streams, layout_regular_city, gammafunk_ghost_grave
Lair:4:   layout_roguey, kennysheep_basilisk_garden,
          infiniplex_staircase_pool_2, grunt_megastairs_3
Lair:5:   layout_cellular_growth, slime_dummy, grunt_forest_large_clearings,
          uniq_urug, uniq_rupert
Lair:6:   hangedman_lair_tendril_chambers, layout_cave_shapes
Swamp:1:  layout_basic_swamp, evilmike_swamp_ruin_rubble_1
Swamp:2:  layout_falls_marsh, evilmike_swamp_ruin_house_6
Swamp:3:  layout_basic_swamp, evilmike_swamp_ruin_house_4,
          infiniplex_staircase_pool
Swamp:4:  swamp_basic_johnstein, layout_basic_swamp
Snake:1:  layout_onion_interference, basic_altar,
          gammafunk_ghost_berserking_beasts, guppyfry_library_mini, uniq_aizul
Snake:2:  layout_grid_maze, nicolae_coiled_stairwell_down, grunt_megastairs_2
Snake:3:  layout_rooms, serial_shops, bzr_firewalk, uniq_donald
Snake:4:  grunt_snake_rune_serpentine_throne, layout_misc_corridors, drop_trap,
          st_stairs_10, hangedman_snake_pattern
Slime:1:  layout_caves
Slime:2:  layout_caves
Slime:3:  layout_caves
Slime:4:  layout_caves
Slime:5
Orc:1:    layout_diamond_mine, nicolae_volcano_entry_batcave, basic_altar,
          roderic_batcave
Orc:2:    pf_orc_diabolical, layout_caves, serial_shops, shop, basic_altar
Elf:1:    eino_elf_arrival_shootout, layout_loops_corners,
          kennysheep_underground_church, minmay_checkered_concentric_circles
Elf:2:    layout_gridlike, serial_shops, shop, st_stairs_5,
          lemuel_flamethrower_2, lemuel_elevator, minmay_shop_grove
Elf:3:    minmay_elf_hall_dome, layout_gridlike, gammafunk_ghost_abyssal_escape,
          minmay_shoptagon
Vaults:1: hangedman_vaults_river_flow, nicolae_vaults_angled_halls, v_rooms_5,
          nicolae_vaults_little_squares_6, grunt_vaults_funnel,
          vaults_dpeg_ring, hangedman_vaults_corner, grunt_vaults_hallway_short,
          hangedman_vaults_stream, v_misc_4, layout_vaults_omnibox,
          enter_trove_3
Vaults:2: ontoclasm_vaults_gateway, v_misc_11, vaults_room_door_hall,
          vaults_room_grid, vaults_room_large_hall, st_check, v_misc_9,
          v_alt_pattern_2, ontoclasm_vaults_eye, vaults_mumra_hex,
          ontoclasm_vaults_ring_square, layout_vaults_omnicross
Vaults:3: vaults_standard_mumra_lines, v_misc_13,
          hangedman_vaults_stretched_pinwheel, vaults_mumra_chevron_long,
          st_diamondy, minmay_crypt_entry_simple_box, nicolae_vaults_asterisk,
          v_misc_8, v_misc_30, layout_vaults_quadrants, uniq_frederick,
          uniq_bai_suzhen, uniq_jory
Vaults:4: v_misc_27, v_alt_pattern_6, ontoclasm_vaults_ring_large,
          st_hourglassy, vaults_room_fancy_cross, v_misc_15, v_alt_pattern_1,
          vaults_room_pools, ontoclasm_vaults_pinch, hangedman_vaults_cutoff,
          layout_vaults_chaotic_city
Vaults:5: serial_shops
Crypt:1:  lemuel_minitomb, layout_misc_corridors
Crypt:2:  due_chaos_kobolds, layout_basic, uniq_saint_roka, uniq_sojobo
Crypt:3:  lightli_unholy_cathedral, layout_chaotic_city,
          tomb_entry_shell_bobbens
Tomb:1
Depths:1: layout_roguey, hell_entry, infiniplex_enter_wizlab_water,
          hangedman_abyss_or_decor_passed, minmay_pinched_square,
          minmay_shop_star, uniq_enchantress
Depths:2: evilmike_lava_path, layout_honeycomb, grunt_decor_arrowhead,
          hell_entry, minmay_crystal_box, uniq_mara
Depths:3: hangedman_box_tower, layout_gridlike, enter_ziggurat_c, abyss_entry,
          ebering_dispersal_statue_hall, hell_entry, rand_demon_pan_entry_3,
          grunt_decor_one_mirror
Depths:4: kennysheep_six_static_rooms, layout_cave_shapes,
          hangedman_abyss_entry_splay, biasface_ghost_demon_polymorph,
          chequers_jeans, hell_entry, infiniplex_staircase_zigzag_3
Depths:5: evilmike_zot_entry_gauntlet, layout_gridlike, serial_shops, shop,
          minmay_misc_feat_plants, grunt_hell_entry_dis_grunt,
          argonaut_fire_from_heaven, uniq_margery
Hell
Pan:      rand_demon_3, layout_gridville, uniq_mennas_pan, rand_demon_3,
          layout_stronghold, rand_demon_5, layout_gridlike, rand_demon_9,
          layout_gridlike, mnoleg, layout_gridlike, pan_blood_fountain_2,
          cerebov_grunt, layout_long_grid, pan_blood_fountain_small,
          reaverb_pan_figure_eight, nicolae_pan_gloorx_vloqian_3

Skill      XL: |  1  2  3  4  5  6  7  8  9 10 11 12 13 14 15 16 17 18 19 20 21 22 23 24 25 26 27 |
---------------+----------------------------------------------------------------------------------+-----
Fighting       | 4 5 6 7 8 9 10 12 13 14 15 16 17 19 21 23 25 27 | 27.0
Axes           | 3 5 6 7 9 11 13 15 16 18 19 20 21 23 24 26 27 | 27.0
Armour         | 4 5 6 7 9 11 12 14 15 16 17 18 19 20 22 23 24 25 27 | 27.0
Throwing       | 1 2 3 4 5 6 7 8 |  8.2
Evocations     | 6 |  6.4
Invocations    | 1 |  1.5
Necromancy     | 4 9 20 | 20.5
Spellcasting   | 3 7 17 | 17.1
Transmutations | 3 7 15 | 15.4
Shields        | |  3.2

Action                   |  1- 3 |  4- 6 |  7- 9 | 10-12 | 13-15 | 16-18 | 19-21 | 22-24 | 25-27 || total
-------------------------+-------+-------+-------+-------+-------+-------+-------+-------+-------++-------
Melee: War axe           |   120 |       |       |       |       |       |       |       |       ||   120
       Broad axe         |    12 |   147 |   313 |   700 |    68 |       |       |       |       ||  1240
       Battleaxe         |       |       |       |       |   580 |       |       |       |       ||   580
       Executioner's axe |       |       |       |       |   103 |   967 |   964 |   684 |  3382 ||  6100
       Bite              |       |       |       |       |       |       |       |       |   373 ||   373
Throw: Boomerang         |       |    17 |    25 |    11 |    36 |   119 |    16 |       |     6 ||   230
       Dart              |       |     5 |    20 |   103 |    18 |     9 |       |     5 |     6 ||   166
       Javelin           |       |     4 |     1 |       |       |     3 |     6 |       |       ||    14
 Cast: Infestation       |       |       |       |       |       |       |       |       |     8 ||     8
       Borgnjor's Vile C |       |       |       |       |       |       |       |       |     4 ||     4
Invok: Lesser Servant of |       |       |       |       |       |       |       |       |     1 ||     1
Evoke: Wand              |       |       |     7 |    31 |    14 |     2 |       |       |     3 ||    57
       Phial of floods   |       |       |       |       |     1 |       |       |     1 |       ||     2
       Phantom mirror    |       |       |       |       |     1 |       |       |       |       ||     1
  Use: Scroll            |     1 |       |    15 |     3 |    16 |    19 |    15 |     2 |    25 ||    96
       Potion            |       |     2 |       |     5 |     6 |    13 |     5 |       |    12 ||    43
 Stab: Paralysed         |       |       |       |    16 |       |       |       |       |       ||    16
       Invisible         |       |       |       |       |       |       |     3 |       |       ||     3
       Distracted        |       |       |       |       |       |       |       |     2 |     4 ||     6
  Eat: Chunk             |     3 |     7 |    13 |    20 |    13 |     2 |     9 |     6 |    12 ||    85
       Ration            |       |       |       |     2 |     4 |     9 |     7 |     3 |    22 ||    47
Armor: Scale mail        |    58 |       |       |       |       |       |       |       |       ||    58
       Plate armour      |    19 |   187 |   265 |   734 |   362 |       |       |       |       ||  1567
       Gold dragon scale |       |       |       |       |   410 |  1119 |   567 |   674 |  2467 ||  5237
       Skin              |       |       |       |       |       |       |       |       |     9 ||     9
Dodge: Dodged            |    67 |    64 |   125 |   321 |   338 |   595 |   303 |   375 |  1492 ||  3680
       Repelled          |       |       |       |       |     3 |    83 |    38 |    66 |   117 ||   307
Block: Other             |       |       |       |       |    56 |   307 |   129 |   169 |   606 ||  1267
       Reflection        |       |       |       |       |       |    12 |     9 |    16 |    24 ||    61

Table legend:
 A = Non-vault XP
 B = Vault XP
 C = Vault XP percentage of total XP
 D = Non-vault monster count
 E = Vault monster count
 F = Vault count percentage of total count
                 A         B        C        D         E       F
            +---------+---------+-------+---------+---------+-------
      Total | 1282077 |  894924 |  41.1 |    2392 |    1190 |  33.2
            +---------+---------+-------+---------+---------+-------
        D:1 |      32 |       0 |   0.0 |      16 |       0 |   0.0
        D:2 |      30 |       0 |   0.0 |      17 |       0 |   0.0
        D:3 |     100 |      34 |  25.4 |      19 |      13 |  40.6
        D:4 |     515 |     102 |  16.5 |      10 |       3 |  23.1
        D:5 |     503 |       4 |   0.8 |      16 |       2 |  11.1
        D:6 |     710 |     183 |  20.5 |      17 |       4 |  19.0
        D:7 |     550 |       0 |   0.0 |      29 |       0 |   0.0
        D:8 |     916 |    2683 |  74.5 |      14 |       4 |  22.2
        D:9 |    1296 |       0 |   0.0 |      16 |       0 |   0.0
       D:10 |    3283 |     841 |  20.4 |      28 |       8 |  22.2
       D:11 |    4118 |    2663 |  39.3 |      24 |      11 |  31.4
       D:12 |   11062 |    3633 |  24.7 |      45 |      13 |  22.4
       D:13 |    7599 |       0 |   0.0 |      37 |       0 |   0.0
       D:14 |   10252 |   10152 |  49.8 |      31 |      32 |  50.8
       D:15 |    6854 |    8514 |  55.4 |      30 |      21 |  41.2
     Lair:1 |    2210 |       0 |   0.0 |      10 |       0 |   0.0
     Lair:2 |    5225 |    2036 |  28.0 |      24 |      23 |  48.9
     Lair:3 |    2085 |    5178 |  71.3 |       7 |      47 |  87.0
     Lair:4 |    3332 |     552 |  14.2 |      16 |       2 |  11.1
     Lair:5 |    8117 |    6499 |  44.5 |      25 |      24 |  49.0
     Lair:6 |   11315 |    9458 |  45.5 |      20 |      35 |  63.6
    Swamp:1 |    4304 |       0 |   0.0 |      18 |       0 |   0.0
    Swamp:2 |    8777 |       0 |   0.0 |      26 |       0 |   0.0
    Swamp:3 |   16078 |     989 |   5.8 |      35 |       1 |   2.8
    Swamp:4 |   17240 |   19364 |  52.9 |      38 |      35 |  47.9
    Snake:1 |   15515 |    7213 |  31.7 |      34 |      11 |  24.4
    Snake:2 |   15046 |    4265 |  22.1 |      26 |       6 |  18.8
    Snake:3 |   18903 |       0 |   0.0 |      35 |       0 |   0.0
    Snake:4 |    7331 |   35843 |  83.0 |      17 |      63 |  78.8
    Slime:1 |   12709 |       0 |   0.0 |      24 |       0 |   0.0
    Slime:2 |     982 |       0 |   0.0 |       1 |       0 |   0.0
    Slime:3 |    1355 |       0 |   0.0 |       4 |       0 |   0.0
    Slime:4 |    7985 |       0 |   0.0 |      11 |       0 |   0.0
    Slime:5 |    5279 |   28035 |  84.2 |       8 |      14 |  63.6
      Orc:1 |    7902 |    1309 |  14.2 |      66 |       9 |  12.0
      Orc:2 |    1667 |   17055 |  91.1 |      43 |      63 |  59.4
      Elf:1 |   22994 |    8497 |  27.0 |      38 |      15 |  28.3
      Elf:2 |   15319 |   22552 |  59.5 |      25 |      30 |  54.5
      Elf:3 |   11200 |   47625 |  81.0 |      18 |      35 |  66.0
   Vaults:1 |   16397 |   35459 |  68.4 |      28 |      53 |  65.4
   Vaults:2 |   58371 |   21545 |  27.0 |      88 |      27 |  23.5
   Vaults:3 |   44975 |   32629 |  42.0 |      80 |      29 |  26.6
   Vaults:4 |   32783 |   11485 |  25.9 |      52 |      14 |  21.2
   Vaults:5 |   49589 |  119947 |  70.8 |      57 |      96 |  62.7
    Crypt:1 |   27547 |   11092 |  28.7 |      43 |      17 |  28.3
    Crypt:2 |   25460 |   15403 |  37.7 |      34 |      20 |  37.0
    Crypt:3 |   19053 |   45864 |  70.7 |      26 |      42 |  61.8
     Tomb:1 |   21866 |   50508 |  69.8 |      31 |      45 |  59.2
   Depths:1 |   55045 |   32249 |  36.9 |      60 |      23 |  27.7
   Depths:2 |   52659 |   13685 |  20.6 |      67 |       6 |   8.2
   Depths:3 |   53454 |   34932 |  39.5 |      57 |      32 |  36.0
   Depths:4 |   59765 |   19412 |  24.5 |      65 |      16 |  19.8
   Depths:5 |   41532 |   41694 |  50.1 |      35 |      30 |  46.2
       Hell |   39286 |   17692 |  31.1 |      59 |      33 |  35.9
    Abyss:1 |    5036 |       0 |   0.0 |       5 |       0 |   0.0
    Abyss:2 |   20881 |       0 |   0.0 |      24 |       0 |   0.0
    Abyss:3 |   67487 |    8729 |  11.5 |     120 |      16 |  11.8
    Abyss:4 |   27115 |    1077 |   3.8 |      44 |       3 |   6.4
    Abyss:5 |  197342 |   21621 |   9.9 |     374 |      29 |   7.2
        Pan |   93571 |   46847 |  33.4 |     116 |      50 |  30.1
     Bailey |       0 |    1345 | 100.0 |       0 |      15 | 100.0
      IceCv |       0 |    5474 | 100.0 |       0 |      20 | 100.0
     WizLab |    2173 |   60956 |  96.6 |       9 |      50 |  84.7
            +---------+---------+-------+---------+---------+-------
